Map: Winter's Gate LE

Players

Djorn - Winner!

  • Race: Protoss Protoss
  • Spawn Location: 11:00

A.I. 1 (Very Easy)

  • Race: Protoss Protoss
  • Spawn Location: 5:00

VOD

Have the link to the VOD?

Description

Time

  • Played on: Aug. 22, 2019, 8:56 p.m.
  • Length: 6:04
Show
View Real Time Build Order
Export as new Build Order

Djorn Protoss - Winner!

Build Orders:  

Get SALT Encoding   

  12  0:01  Probe  
  13  0:18  Pylon, Probe  
  14  0:30  Probe  
  15  0:41  Probe  
  15  0:43  Gateway  
  15  0:48  Assimilator  
  15  0:49  Probe  
  17  0:57  Probe  
  18  1:09  Probe  
  19  1:21  Probe  
  19  1:22  Pylon  
  20  1:33  Probe  
  20  1:39  Cybernetics Core  
  21  1:47  Probe  
  21  1:49  Assimilator  
  22  1:59  Probe  
  23  2:06  Nexus  
  23  2:12  Probe  
  24  2:23  Twilight Council  
  24  2:24  Probe  
  25  2:33  Pylon  
  25  2:35  Resonating Glaives  
  25  2:36  Probe  
  26  2:44  Adept  
  26  2:47  Gateway  
  26  2:48  Probe  
  29  2:55  Gateway  
  29  3:07  Adept  
  31  3:29  Probe  
  32  3:34  Adept  
  32  3:37  Adept  
  36  3:41  Probe  
  36  3:43  Adept  
  39  3:53  Probe  
  40  4:04  Adept  
  40  4:07  Adept  
  44  4:11  Probe  
  44  4:13  Adept  
  44  4:17  Charge  
  47  4:23  Probe  
  48  4:35  Probe  
  49  4:47  Probe  
Show
View Real Time Build Order
Export as new Build Order

A.I. 1 (Very Easy) Protoss 

Build Orders:  

Get SALT Encoding   

  12  0:00  Probe  
  13  0:13  Probe  
  14  0:19  Pylon  
  14  0:37  Assimilator  
  14  0:42  Gateway  
  14  0:46  Pylon  
  14  1:13  Assimilator  
  14  1:22  Probe, Zealot  
  14  1:30  Probe  
  17  1:33  Cybernetics Core  
  18  1:40  Probe  
  19  1:52  Probe  
  20  1:59  Warp Gate  
  20  2:01  Probe  
  21  2:09  Probe  
  22  2:39  Stalker  
  24  4:49  Zealot  
  24  5:05  Pylon  
  20  5:07  Probe  
  16  5:15  Probe  
  16  5:18  Stalker  
  18  5:24  Probe  
  17  5:35  Probe  
  17  5:37  Pylon  
  18  5:42  Pylon  
  18  5:47  Probe  
  18  5:48  Pylon  
Tags
 
Matchup
PvP
Replay Pack
sc2replays
Spawn Locations
Cross Positions
Add a new tag
Caveats
  • Supply blocks, unpowered buildings, or Contaminate may cause inaccurate times.
  • Supply counts are checked every 10 seconds.